 Dungeon Crawl Stone Soup version 0.18.1-48-g4cf74bf (webtiles) character file.

520 tyranidshit the Magician (level 7, -6/59 HPs)
             Began as a Deep Dwarf Necromancer on July 11, 2016.
             Mangled by an orc warrior
             ... wielding a cursed -3 flail
              (17 damage)
             ... on level 6 of the Dungeon.
             The game lasted 00:23:07 (3193 turns).

tyranidshit the Magician (Deep Dwarf Necromancer)   Turns: 3193, Time: 00:23:08

Health: -6/59      AC:  3    Str: 11    XL:     7   Next: 1%
Magic:  12/12      EV: 12    Int: 18    God:
Gold:   111        SH:  0    Dex: 15    Spells: 2 memorised, 11 levels left

rFire  . . .     SeeInvis .     o - +1 dagger (elec)
rCold  . . .     Gourm    .     a - +0 robe
rNeg   . . .     Faith    .     (no shield)
rPois  .         Spirit   .     (no helmet)
rElec  +         Dismiss  .     (no cloak)
rCorr  .         Reflect  .     A - +0 pair of gloves
SustAt .         Harm     .     (no boots)
MR     +....                    (no amulet)
Stlth  ++........               (no ring)
                                (no ring)

@: non-regenerating, somewhat resistant to hostile enchantments, unstealthy
A: damage resistance, recharge devices, agile 1, frail 1, sense surroundings 1,
electricity resistance, slow regeneration 3
a: Device Recharging


You were on level 6 of the Dungeon.
You were full.

You visited 1 branch of the dungeon, and saw 6 of its levels.
You also visited: Sewer.

You collected 111 gold pieces.

Inventory:

Hand Weapons
 o - a +1 dagger of electrocution (weapon)
 u - a +0 shortbow
Missiles
 l - 65 arrows
Armour
 a - a +0 robe (worn)
 v - the +2 robe of vines {NoDeviceHeal Regen+7}
   (You found it on level 5 of the Dungeon)

   It increases your rate of regeneration.
 A - a +0 pair of gloves (worn)
Jewellery
 B - an uncursed ring of fire
Wands
 c - a wand of heal wounds (5/9)
Scrolls
 e - a scroll of random uselessness
 h - 3 scrolls of remove curse
 n - 2 scrolls of teleportation
 s - a scroll of fear
 y - a scroll of identify
Potions
 d - 2 potions of haste {unknown}
 f - 2 potions of heal wounds
 i - 2 potions of agility
 j - 2 potions of curing
 r - 3 potions of flight {unknown}
Books
 b - a book of Necromancy

   Spells                             Type                      Level
   a - Pain                           Necromancy                   1
   b - Animate Skeleton               Necromancy                   1
   c - Vampiric Draining              Necromancy                   3
   d - Regeneration                   Charms/Necromancy            3
   e - Animate Dead                   Necromancy                   4
   f - Control Undead                 Necromancy                   4
 w - a Necronomicon

   Spells                             Type                      Level
   a - Haunt                          Necromancy/Summoning         7
   b - Borgnjor's Revivification      Necromancy                   8
   c - Death's Door                   Charms/Necromancy            8
   d - Necromutation                  Transmutation/Necromancy     8
Comestibles
 p - a bread ration


   Skills:
 + Level 4.6 Fighting
 - Level 2.1 Dodging
 - Level 2.4 Stealth
 + Level 4.6 Spellcasting
 - Level 4.3 Necromancy


You had 11 spell levels left.
You knew the following spells:

 Your Spells              Type           Power        Failure   Level  Hunger
a - Pain                  Necr           ###.         1%          1    None
b - Vampiric Draining     Necr           ###.......   10%         3    ###....


Dungeon Overview and Level Annotations

Branches:
Dungeon (6/15)
 Temple: D:4-7

Altars:
Ashenzari
Dithmenos
Elyvilon
Pakellas
Zin

Shops:
D:2 *   D:5 [

Annotations:
D:4 junkhipster's ghost, amateur GrFi
D:6 Grinder


Innate Abilities, Weirdness & Mutations

You are resistant to damage.
You can recharge devices by infusing magical energy.
You passively map a small area around you.
You do not regenerate naturally.
You are agile. (Dex +2)
You are frail (-10% HP).
You are resistant to electric shocks.


Message History

Zapping:
c - a wand of heal wounds (1/9)
Press: ? - help, Shift-Dir - straight line, f - you You feel much better.
This wand has 0 charges left.
The orc hits you. The orc hits you but does no damage.
The orc hits you with an enchanted short sword.
The orc warrior hits you with a flail!!
* * * LOW HITPOINT WARNING * * *
The orc hits you with a hand axe.
* * * LOW HITPOINT WARNING * * *
The giant frog gives a loud, deep croak!
The orc wizard shouts!
Charge which item? (? for menu, Esc to quit)
Your wand of heal wounds (0/9) glows for a moment and now has 5 charges.
The orc hits you with a dagger.
* * * LOW HITPOINT WARNING * * *
The orc hits you. The orc hits you but does no damage.
The orc closely misses you. The orc misses you.
The orc warrior hits you with a flail!!
You die...

* #.# ....# * , *
#..#......# * *
#..#......# * * ,
#.........# , *
####..##.....# ,
#............# *
*#.#..#.........#
........ooo#######
, .
....#.ooo@......+
, . , ,,. ,
+.F########## ,.
,#.## , , * *# , ,
,#.# * ** ,* # *
......o........ *
, + *
.........oo.oo. *
###
.........o....., ,
,#..
...............
*,#.#
.........F..... ,
, ..,.


You could see an orc warrior, a giant frog and 5 orcs.

Vanquished Creatures
  Purgy (Sewer)
  A centaur (D:5)
  A scorpion (D:4)
  An orc wizard (D:4)
  An orc priest (D:4)
  An iguana (D:5)
  A worker ant (D:5)
  A hound zombie (D:4)
  4 gnolls (D:3)
  3 adders
  A shadow imp (D:5)
  3 oozes (D:1)
  3 worms
  4 dart slugs
  6 giant geckos
  3 orcs
  5 giant cockroaches
  6 goblins
  5 hobgoblins
  6 kobolds
  A quokka (D:5)
  3 bats
  8 giant newts
  A jackal zombie (D:5)
  10 rats
80 creatures vanquished.

Notes
Turn   | Place    | Note
--------------------------------------------------------------
     0 | D:1      | tyranidshit the Deep Dwarf Necromancer began the quest for the Orb.
     0 | D:1      | Reached XP level 1. HP: 15/15 MP: 3/3
    93 | D:1      | Reached skill level 1 in Fighting
    93 | D:1      | Reached XP level 2. HP: 18/25 MP: 0/5
   438 | D:1      | Reached XP level 3. HP: 7/32 MP: 2/6
   443 | D:1      | Learned a level 3 spell: Vampiric Draining
  1118 | D:2      | Found Zin's Purification Station.
  1118 | D:2      | Found a glowing silver altar of Zin.
  1260 | D:2      | Found a shattered altar of Ashenzari.
  1397 | D:2      | Reached XP level 4. HP: 37/40 MP: 1/8
  1636 | D:3      | HP: 2/40 [gnoll/spear (5)]
  1984 | D:3      | Found an oddly glowing altar of Pakellas.
  2010 | D:3      | Found a glowing drain.
  2016 | Sewer    | Entered a sewer
  2052 | Sewer    | Noticed Purgy
  2173 | Sewer    | Killed Purgy
  2173 | Sewer    | Reached XP level 5. HP: 15/49 MP: 0/10
  2471 | D:4      | Reached XP level 6. HP: 22/57 MP: 0/11
  2566 | D:4      | Found a white marble altar of Elyvilon.
  2610 | D:4      | Noticed junkhipster's ghost (amateur GrFi)
  2671 | D:5      | Entered Level 5 of the Dungeon
  2672 | D:5      | Found Meliedak's Armour Shoppe.
  2886 | D:5      | Found a shadowy altar of Dithmenos.
  3010 | D:5      | Reached XP level 7. HP: 17/66 MP: 9/13
  3139 | D:5      | Gained mutation: You are frail (-10% HP). [potion of mutation]
  3139 | D:5      | Gained mutation: You are agile. (Dex +2) [potion of mutation]
  3139 | D:5      | Gained mutation: You are resistant to electric shocks. [potion of mutation]
  3184 | D:6      | Noticed Grinder
  3193 | D:6      | Mangled by an orc warrior

Skill      XL: |  1  2  3  4  5  6 |
---------------+-------------------+-----
Spellcasting   | 2 3 4 |  4.6
Fighting       | 1 2 3 4 |  4.6
Dodging        | |  2.1
Stealth        | |  2.4
Necromancy     | |  4.3

Action                   |  1- 3 |  4- 6 |  7- 9 || total
-------------------------+-------+-------+-------++-------
Melee: Unarmed           |     6 |       |       ||     6
       Whip              |    17 |       |       ||    17
       Dagger            |    16 |   135 |     2 ||   153
 Fire: Shortbow          |       |    18 |       ||    18
 Cast: Pain              |    45 |    27 |       ||    72
       Vampiric Draining |    14 |    21 |     1 ||    36
 Abil: Device Recharging |       |       |     1 ||     1
Evoke: Wand              |       |     7 |     1 ||     8
  Use: Scroll            |     4 |     2 |     3 ||     9
       Potion            |     2 |     4 |     1 ||     7
 Stab: Sleeping          |     1 |       |       ||     1
  Eat: Bread ration      |     1 |       |       ||     1
       Meat ration       |       |     1 |     1 ||     2
       Royal jelly       |       |     1 |       ||     1
       Pizza             |       |     1 |       ||     1
Armor: Robe              |     9 |    46 |     2 ||    57
Dodge: Dodged            |    56 |   188 |     5 ||   249
